AoeStats
← Comend x comend

Arabia

508771748Analyzed
3v3 RM · 8d ago on Sep 24, 2026· 43m 19s· 6 players
Game mode
Random Map
Map size
Normal (6 player)
Population
200
Speed
Normal
Resources
Standard
Victory
Conquest
Starting age
Dark Age
Ending age
Imperial Age
RankedLock teamsTeams togetherTeam positionsShared explorationLock speedFull tech treeHidden civsTurbo modeCheats
Victory
Defeat
🇲🇽 Muisca · Mexico
1531
+8
🇲🇽 Spanish · Mexico
1482
+9
🇲🇽 Persians · Mexico
1325
+15
🇦🇷 Mongols · Argentina
1353
-12
🇵🇪 Burgundians · Peru
1325
-11
🇦🇷 Jurchens · Argentina
1274
-9
Comend x comend
7:59 Loom
8:22 Loom
12:26 Feudal Age
12:25 Double-Bit Axe
17:57 Castle Age
16:32 Horse Collar
17:37 Bow Saw
19:46 Two-Man Saw
23:49 Stone Mining
24:24 Pikeman
26:05 Wheelbarrow
29:16 Hand Cart
31:31 Two-Man Saw
30:33 Scale Mail Armor
30:43 Forging
31:12 Gold Mining
32:11 Squires
31:57 Arson
33:24 Stone Shaft Mining
33:27 Iron Casting
33:07 Chain Mail Armor
37:11 Imperial Age
Newell's
6:16 Loom
8:53 Feudal Age
9:46 Double-Bit Axe
20:47 Castle Age
21:44 Bow Saw
25:43 Elite Skirmisher
27:44 Fletching
27:54 Padded Archer Armor
29:15 Ballistics
28:54 Bodkin Arrow
29:30 Horse Collar
31:54 Leather Archer Armor
33:36 Pikeman
34:16 Squires
40:42 Gold Mining
francoollearo
5:46 Loom
8:49 Feudal Age
10:38 Double-Bit Axe
11:53 Horse Collar
22:56 Castle Age
21:55 Bloodlines
30:41 Scale Barding Armor
33:42 Chain Barding Armor
34:43 Husbandry
34:56 Forging
37:07 Iron Casting
DLM15
5:38 Loom
8:34 Feudal Age
8:58 Double-Bit Axe
8:54 Horse Collar
11:01 Town Watch
21:36 Castle Age
19:42 Gold Mining
21:27 Wheelbarrow
21:06 Bloodlines
21:22 Forging
22:00 Scale Barding Armor
22:16 Bow Saw
22:00 Light Cavalry
26:17 Chain Barding Armor
29:18 Heavy Plow
30:11 Stone Mining
32:08 Husbandry
35:02 Imperial Age
34:59 Fletching
35:09 Padded Archer Armor
34:44 Cavalier
36:01 Plate Barding Armor
36:30 Chemistry
36:39 Iron Casting
35:56 Fletching
38:28 Heavy Camel Rider
42:28 Hoardings
41:57 Town Patrol
42:53 Scale Mail Armor
44:19 Blast Furnace
OnashOnyx
5:58 Loom
8:47 Feudal Age
9:33 Double-Bit Axe
16:10 Fletching
22:45 Castle Age
21:24 Padded Archer Armor
21:18 Gold Mining
22:57 Crossbowman
23:56 Bodkin Arrow
24:33 Bow Saw
26:02 Stone Mining
27:50 Town Watch
29:38 Ballistics
29:08 Treadmill Crane
29:53 Ballistics
31:43 Wheelbarrow
32:23 Herbalism
36:39 Leather Archer Armor
36:58 Thumb Ring
41:09 Imperial Age
40:34 Scale Mail Armor
40:36 Squires
41:02 Hand Cart
41:52 Forging
41:57 Chain Mail Armor
41:51 Bracer
42:53 Chemistry
42:03 Arbalester
42:58 Horse Collar
44:18 Two-Man Saw
43:54 Gold Shaft Mining
43:54 Stone Shaft Mining
Angelmcngl
6:35 Loom
9:03 Feudal Age
9:38 Double-Bit Axe
9:49 Horse Collar
20:44 Castle Age
20:57 Scale Barding Armor
21:34 Bloodlines
21:36 Forging
21:59 Husbandry
23:02 Bow Saw
25:48 Heavy Plow
30:21 Wheelbarrow
29:31 Town Watch
31:36 Chain Barding Armor
31:54 Iron Casting
34:53 Hand Cart
39:24 Imperial Age
39:23 Gold Mining
40:47 Conscription
41:10 Hoardings
40:00 Cavalier
42:36 Plate Barding Armor
43:01 Blast Furnace
Connection lost

Rejoining the realm…

Still unreachable

The connection could not be restored.

Session expired

The server has moved on; the page needs a fresh start.